 Dungeon Crawl Stone Soup version 0.29.0-4-gdea44cf6ec (webtiles) character file.

Game seed: 16009097577162472168

39 qw the Ruffian (level 3, -5/28 HPs)
             Began as a Ghoul Fire Elementalist on Aug 29, 2022.
             Slain by an orc priest
             ... wielding a +0 mace
              (6 damage)
             ... on level 3 of the Dungeon.
             The game lasted 00:01:38 (1631 turns).

qw the Ruffian (Ghoul Fire Elementalist)            Turns: 1631, Time: 00:01:38

Health: -5/28      AC:  8    Str: 13      XL:     3   Next: 47%
Magic:  4/4        EV:  5    Int:  7 (10) God:
Gold:   48         SH:  0    Dex:  9      Spells: 4/5 levels left

rFire   . . .      SeeInvis .     - Unarmed
rCold   + . .      Faith    .   (no shield)
rNeg    + + +      Spirit   .   m - +0 chain mail
rPois   inf        Reflect  .   (no helmet)
rElec   .          Harm     .   e - scarf {repulsion}
rCorr   .          Rampage  .   (no gloves)
Will    .....                   (no boots)
Stlth   ..........              (no amulet)
HPRegen 0.00/turn               (no ring)
MPRegen 0.09/turn               (no ring)

@: inhibited regen, repel missiles
A: claws 1, cold resistance 1, negative energy resistance 3, inhibited
regeneration, torment resistance 2, devour on kill
a: no special abilities


You were on level 3 of the Dungeon.
You visited 1 branch of the dungeon, and saw 3 of its levels.

You collected 48 gold pieces.


Innate Abilities, Weirdness & Mutations

You are immune to poison.
You have sharp fingernails.
Your flesh is cold resistant. (rC+)
You are immune to negative energy. (rN+++)
You do not regenerate when monsters are visible.
You are immune to unholy pain and torment.
You thrive by killing the living.


   Skills:
 - Level 1.3 Fighting
 - Level 1.7 Dodging
 - Level 2.1 Stealth
 + Level 2.9 Unarmed Combat
 - Level 1.7 Spellcasting
 - Level 0.7 Conjurations
 - Level 2.4 Fire Magic


You had 4 spell levels left.
You knew the following spells:

 Your Spells              Type           Power      Damage    Failure   Level
a - Foxfire               Conj/Fire      8%         2x1d4     100%        1

Your spell library contained the following spells:

 Spells                   Type           Power      Damage    Failure   Level
 Scorch                   Fire           6%         2d5       100%        2
 Conjure Flame            Conj/Fire      2%         6-21      100%        3
 Inner Flame              Hex/Fire       2%         N/A       100%        3
 Flame Wave               Conj/Fire      2%         2d4       100%        4

Inventory:

Armour
 e - a scarf of repulsion (worn)
 m - a +0 chain mail (worn)
Scrolls
 h - 4 scrolls of identify
Potions
 c - a potion of might
 f - 2 potions of haste
 g - a potion of mutation
 k - a potion of curing

Dungeon Overview and Level Annotations

Branches:
Dungeon (3/15)

Altars:

Shops:
D:2 :


Message History

There is a stone staircase leading down here.
1618 ||| Stepping ~*~*~tactically~*~*~ (outnumbered).
The orc attacks as you move away! The orc hits you but does no damage.
The goblin attacks as you move away! The goblin barely misses you.
You scratch the goblin.
You kill the goblin!
You feel better.
You scratch the orc priest. Your claw misses the orc priest.
The orc priest is moderately wounded.
The endoplasm barely misses you.
1621 ||| Stepping ~*~*~tactically~*~*~ (outnumbered).
The endoplasm closely misses you.
You completely miss the endoplasm. The endoplasm freezes you.
You are frozen.
You resist.
1623 ||| Stepping ~*~*~tactically~*~*~ (outnumbered).
The orc attacks as you move away! The orc hits you but does no damage.
1624 ||| Stepping ~*~*~tactically~*~*~ (outnumbered).
You closely miss the orc priest.
The orc priest is moderately wounded.
The orc priest looks braver for a moment.
The orc hits you with a +0 club.
You scratch the orc priest.
The orc priest is moderately wounded.
You closely miss the orc priest.
The orc priest is moderately wounded.
The orc priest hits you but does no damage.
You scratch the orc priest.
The orc priest is severely wounded.
The orc priest hits you with a +0 mace. The orc barely misses you.
1629 ||| Stepping ~*~*~tactically~*~*~ (outnumbered).
You scratch the orc priest.
The orc priest is almost dead.
The orc priest completely misses you. The orc hits you with a +0 club.
You closely miss the orc priest.
The orc priest is almost dead.
An orc wizard appears from thin air!
Reactivating autopickup.
The orc priest hits you with a +0 mace.
You die...

....... #........
.......... ..
#.......... #...
#.......... #..####
#.........#
#...@######.........#
####oooo.>..........#
#gKJ..#........#..
#..o.....?........
#######...........
####........
##....... ###........
............


You could see an orc priest, an orc wizard, 3 orcs, an endoplasm, a goblin and a
kobold.

Vanquished Creatures
  A white imp (D:3)
  A dart slug (D:1)
  2 endoplasms (D:1)
  4 hobgoblins
  4 jackals (D:2)
  3 kobolds
  A quokka (D:3)
  3 ball pythons
  2 bats
  A frilled lizard (D:1)
  3 goblins
  2 rats (D:1)
27 creatures vanquished.

Vanquished Creatures (others)
  A rat (D:1)
1 creature vanquished.

Grand Total: 28 creatures vanquished

Notes
Turn   | Place    | Note
-------+----------+-------------------------------------------
     0 | D:1      | qw the Ghoul Fire Elementalist began the quest for the Orb.
     0 | D:1      | Reached XP level 1. HP: 14/14 MP: 2/2
     0 | D:1      | 0 ||| qw: Version: 0.1-a-90-g952f4b7
     0 | D:1      | 0 ||| qw: Game counter: 3870
     0 | D:1      | 0 ||| qw: Always use a shield: true
     0 | D:1      | 0 ||| qw: God list: Okawaru
     0 | D:1      | 0 ||| qw: Allow faded altars: false
     0 | D:1      | 0 ||| qw: Do Orc after D:15 true
     0 | D:1      | 0 ||| qw: Do second Lair branch before Depths: true
     0 | D:1      | 0 ||| qw: Lair rune preference: random
     0 | D:1      | 0 ||| qw: Plans: Normal
     0 | D:1      | 0 ||| PLANNING D:1-11
    32 | D:1      | 32 ||| Stepping ~*~*~tactically~*~*~ (stealth).
   118 | D:1      | Reached skill level 1 in Unarmed Combat
   432 | D:1      | Reached skill level 1 in Fighting
   432 | D:1      | Reached XP level 2. HP: 23/23 MP: 3/3
   476 | D:1      | 476 ||| Stepping ~*~*~tactically~*~*~ (stealth).
   478 | D:1      | 478 ||| Stepping ~*~*~tactically~*~*~ (stealth).
   480 | D:1      | 480 ||| Stepping ~*~*~tactically~*~*~ (stealth).
   482 | D:1      | 482 ||| Stepping ~*~*~tactically~*~*~ (outnumbered).
   961 | D:1      | 961 ||| UPGRADING to scarf of repulsion.
   966 | D:1      | 966 ||| READING 2 scrolls labelled KOPROSHRIRU.
   967 | D:1      | 967 ||| READING scroll labelled DIVOH ZICUETO.
   968 | D:1      | 968 ||| READING scroll labelled KYITIE VOJU.
   973 | D:1      | 973 ||| READING 3 scrolls labelled KYULIE QOODOS.
   974 | D:1      | 974 ||| DRINKING 2 sapphire potions.
   975 | D:1      | 975 ||| DRINKING 2 brown potions.
   976 | D:1      | 976 ||| DROPPING potion of magic.
   977 | D:1      | 977 ||| DROPPING scroll of fog.
  1002 | D:2      | Found a faded altar of an unknown god.
  1005 | D:2      | 1005 ||| Stepping ~*~*~tactically~*~*~ (stealth).
  1007 | D:2      | 1007 ||| Stepping ~*~*~tactically~*~*~ (stealth).
  1014 | D:2      | 1014 ||| Stepping ~*~*~tactically~*~*~ (outnumbered).
  1017 | D:2      | 1017 ||| Stepping ~*~*~tactically~*~*~ (outnumbered).
  1018 | D:2      | 1018 ||| Stepping ~*~*~tactically~*~*~ (outnumbered).
  1020 | D:2      | 1020 ||| Stepping ~*~*~tactically~*~*~ (outnumbered).
  1044 | D:2      | Found Ylypesun's Book Shop.
  1107 | D:2      | 1107 ||| Stepping ~*~*~tactically~*~*~ (stealth).
  1114 | D:2      | Reached XP level 3. HP: 27/28 MP: 4/4
  1501 | D:2      | 1501 ||| UPGRADING to +0 ring mail.
  1511 | D:2      | 1511 ||| DROPPING +0 robe.
  1512 | D:2      | 1512 ||| UPGRADING to +0 scale mail.
  1522 | D:2      | 1522 ||| DROPPING +0 ring mail.
  1523 | D:2      | 1523 ||| UPGRADING to +0 chain mail.
  1533 | D:2      | 1533 ||| DROPPING +0 scale mail.
  1534 | D:2      | 1534 ||| READING 2 scrolls labelled YQOTHRA VUFIPH.
  1535 | D:2      | 1535 ||| DRINKING 2 orange potions.
  1536 | D:2      | 1536 ||| READING 7 scrolls of identify.
  1536 | D:2      | 1536 ||| IDENTIFYING viscous brown potion
  1537 | D:2      | 1537 ||| READING 6 scrolls of identify.
  1537 | D:2      | 1537 ||| IDENTIFYING dark potion
  1538 | D:2      | 1538 ||| READING 5 scrolls of identify.
  1538 | D:2      | 1538 ||| IDENTIFYING pink potion
  1539 | D:2      | 1539 ||| READING 4 scrolls of identify.
  1539 | D:2      | 1539 ||| IDENTIFYING glowing amethyst potion
  1540 | D:2      | 1540 ||| DROPPING potion of brilliance.
  1541 | D:2      | 1541 ||| DROPPING potion of attraction.
  1542 | D:2      | 1542 ||| DROPPING scroll of amnesia.
  1547 | D:3      | 1547 ||| PLANNING SEWER
  1580 | D:3      | 1580 ||| Stepping ~*~*~tactically~*~*~ (stealth).
  1589 | D:3      | 1589 ||| Stepping ~*~*~tactically~*~*~ (outnumbered).
  1590 | D:3      | 1590 ||| Stepping ~*~*~tactically~*~*~ (outnumbered).
  1591 | D:3      | 1591 ||| Stepping ~*~*~tactically~*~*~ (outnumbered).
  1592 | D:3      | 1592 ||| Stepping ~*~*~tactically~*~*~ (outnumbered).
  1593 | D:3      | 1593 ||| Stepping ~*~*~tactically~*~*~ (hiding).
  1594 | D:3      | 1594 ||| Stepping ~*~*~tactically~*~*~ (hiding).
  1595 | D:3      | 1595 ||| Stepping ~*~*~tactically~*~*~ (hiding).
  1597 | D:3      | 1597 ||| Stepping ~*~*~tactically~*~*~ (outnumbered).
  1598 | D:3      | 1598 ||| Stepping ~*~*~tactically~*~*~ (outnumbered).
  1599 | D:3      | 1599 ||| Stepping ~*~*~tactically~*~*~ (outnumbered).
  1600 | D:3      | 1600 ||| Stepping ~*~*~tactically~*~*~ (outnumbered).
  1601 | D:3      | 1601 ||| Stepping ~*~*~tactically~*~*~ (outnumbered).
  1602 | D:3      | 1602 ||| Stepping ~*~*~tactically~*~*~ (outnumbered).
  1604 | D:3      | 1604 ||| Stepping ~*~*~tactically~*~*~ (outnumbered).
  1605 | D:3      | 1605 ||| Stepping ~*~*~tactically~*~*~ (outnumbered).
  1605 | D:3      | HP: 7/28 [something (3)]
  1606 | D:3      | 1606 ||| DRINKING potion of heal wounds.
  1607 | D:3      | 1607 ||| Stepping ~*~*~tactically~*~*~ (outnumbered).
  1608 | D:3      | 1608 ||| Stepping ~*~*~tactically~*~*~ (outnumbered).
  1609 | D:3      | 1609 ||| Stepping ~*~*~tactically~*~*~ (outnumbered).
  1610 | D:3      | 1610 ||| Stepping ~*~*~tactically~*~*~ (outnumbered).
  1611 | D:3      | 1611 ||| Stepping ~*~*~tactically~*~*~ (outnumbered).
  1612 | D:3      | 1612 ||| Stepping ~*~*~tactically~*~*~ (outnumbered).
  1613 | D:3      | 1613 ||| Stepping ~*~*~tactically~*~*~ (outnumbered).
  1614 | D:3      | 1614 ||| Stepping ~*~*~tactically~*~*~ (outnumbered).
  1615 | D:3      | 1615 ||| Stepping ~*~*~tactically~*~*~ (outnumbered).
  1617 | D:3      | 1617 ||| Stepping ~*~*~tactically~*~*~ (outnumbered).
  1618 | D:3      | 1618 ||| Stepping ~*~*~tactically~*~*~ (outnumbered).
  1621 | D:3      | 1621 ||| Stepping ~*~*~tactically~*~*~ (outnumbered).
  1623 | D:3      | 1623 ||| Stepping ~*~*~tactically~*~*~ (outnumbered).
  1624 | D:3      | 1624 ||| Stepping ~*~*~tactically~*~*~ (outnumbered).
  1628 | D:3      | HP: 2/28 [orc priest/+0 mace (6)]
  1629 | D:3      | 1629 ||| Stepping ~*~*~tactically~*~*~ (outnumbered).
  1631 | D:3      | Slain by an orc priest

Levels and vault maps discovered:
D:1:      wander_arrival_desolate, layout_rooms
D:2:      layout_rooms, serial_shops, nicolae_shop_behind_doors,
          hellmonk_ecumenical_altar_dog_temple, minmay_pentomino_u4
D:3:      layout_rooms, lemuel_doored_altar, gup_sewer_entry_spiral,
          st_stairs_12, minmay_snake_closets

Skill      XL: |  1  2 |
---------------+-------+-----
Unarmed Combat | 1 2 |  2.9
Fighting       | 1 |  1.3
Dodging        | |  1.7
Stealth        | |  2.1
Spellcasting   | |  1.7
Conjurations   | |  0.7
Fire Magic     | |  2.4

Action                   || total
-------------------------++-------
Melee: Unarmed           ||   119
       Punch             ||     1
  Use: Scroll            ||     9
       Potion            ||     4
 Stab: Sleeping          ||     2
Armor: Robe              ||     7
       Chain mail        ||    32
Dodge: Dodged            ||    62
       Repelled          ||     1

Table legend:
 A = Non-vault XP
 B = Vault XP
 C = Vault XP percentage of total XP
 D = Non-vault monster count
 E = Vault monster count
 F = Vault count percentage of total count
                 A         B        C        D         E       F
            +---------+---------+-------+---------+---------+-------
      Total |      49 |       8 |  14.0 |      23 |       4 |  14.8
            +---------+---------+-------+---------+---------+-------
        D:1 |      25 |       0 |   0.0 |      15 |       0 |   0.0
        D:2 |       9 |       8 |  47.1 |       5 |       4 |  44.4
        D:3 |      15 |       0 |   0.0 |       3 |       0 |   0.0
            +---------+---------+-------+---------+---------+-------
